 Dungeon Crawl Stone Soup version 0.24-a0-180-g654ca03 (webtiles) character file.

Game seed: 5943861253949461214

56 shukka the Magician (level 3, -6/27 HPs)
             Began as a Mummy Wizard on Mar 13, 2019.
             Mangled by a bullfrog skeleton (7 damage)
             ... on level 2 of the Dungeon.
             The game lasted 00:08:57 (1231 turns).

shukka the Magician (Mummy Wizard)                  Turns: 1231, Time: 00:08:58

Health: -6/27      AC:  3    Str: 10    XL:     3   Next: 71%
Magic:  0/9        EV: 11    Int: 18    God:
Gold:   92         SH:  0    Dex: 10    Spells: 6/11 levels left

rFire    x . .     SeeInvis .   d - +0 short sword (vamp)
rCold    + . .     Gourm    .   (no shield)
rNeg     + + +     Faith    .   k - +0 leather armour
rPois    ∞         Spirit   .   b - +0 hat
rElec    .         Reflect  .   (no cloak)
rCorr    .         Harm     .   (no gloves)
MR       .....                  (no boots)
Stlth    +.........             (no amulet)
HPRegen  0.09/turn              (no ring)
MPRegen  0.11/turn              (no ring)

@: no status effects
A: no food or potions, fire vulnerability, cold resistance 1, negative energy
resistance 3, torment resistance, unbreathing
a: no special abilities


You were on level 2 of the Dungeon.
You were not hungry.

You visited 1 branch of the dungeon, and saw 2 of its levels.

You collected 92 gold pieces.

Inventory:

Hand Weapons
 d - a +0 vampiric short sword (weapon)
 j - a +0 hunting sling
Missiles
 g - 38 stones (quivered)
Armour
 a - a +0 robe
 b - a +0 hat (worn)
 f - a +0 ring mail
 k - a +0 leather armour (worn)
Jewellery
 e - an uncursed ring of poison resistance {unknown}
Scrolls
 c - a scroll of enchant weapon {unknown}
 h - a scroll of remove curse {unknown}
 i - a scroll of fear {unknown}
 l - a scroll of teleportation {unknown}


   Skills:
 + Level 1.8 Fighting
 - Level 1.5 Dodging
 - Level 1.5 Stealth
 + Level 4.7 Spellcasting
 + Level 1.7 Conjurations
 - Level 0.7 Summonings
 - Level 0.7 Translocations


You had 6 spell levels left.
You knew the following spells:

 Your Spells              Type           Power        Failure   Level  Hunger
a - Magic Dart            Conj           ##..         9%          1    N/A
b - Call Imp              Summ           #.......     22%         2    N/A
c - Blink                 Tloc           N/A          22%         2    N/A

Your spell library contained the following spells:

 Spells                   Type           Power        Failure   Level  Hunger
 Slow                     Hex            #.......     28%         2    N/A
 Conjure Flame            Conj/Fire      #.......     36%         3    N/A
 Mephitic Cloud           Conj/Pois/Air  #.......     41%         3    N/A

Dungeon Overview and Level Annotations

Branches:
Dungeon (2/15)

Altars:


Innate Abilities, Weirdness & Mutations

You do not eat or drink.
Your flesh is vulnerable to fire.
You are immune to poison.
Your flesh is cold resistant. (rC+)
You are immune to negative energy. (rN+++)
You are immune to unholy pain and torment.
You can survive without breathing.


Message History

Your crimson imp barely misses the worm.
The bullfrog skeleton hits you.
* * * LOW HITPOINT WARNING * * *
The bullfrog skeleton barely misses you.
Casting: Magic Dart (safe; 9% risk of failure)
Confirm with . or Enter, or press ? or * to list all spells.
A beastly little devil appears in a puff of flame.
The bullfrog skeleton hits you but does no damage.
The bullfrog skeleton closely misses you. x2
Your crimson imp hits the bullfrog skeleton.
You hit the bullfrog skeleton but do no damage.
The bullfrog skeleton is moderately damaged.
The bullfrog skeleton hits you.
* * * LOW HITPOINT WARNING * * *
Your crimson imp hits the bullfrog skeleton.
Your crimson imp barely misses the worm.
You hit the bullfrog skeleton.
The bullfrog skeleton is heavily damaged.
The bullfrog skeleton hits you!
You die...

........###..#.......##
...#....# ##.........#
#...##.###....###.###
...(###.....##.....# ##.
#†...########..# ..
#.#....# ###..# .
#..##.#.## #5w5.##
...###....###Z##..#.#
..#####..#†#.@.#.w...#
.........†......##.##.###.
..###..##........†.†#.....
## ...............5.....$.
........................
........................
........................
.................$.....
.......###.##..........


You could see a worm, a bullfrog skeleton and 2 friendly crimson imps.

Vanquished Creatures
  An adder (D:2)
  2 dart slugs (D:1)
  A leopard gecko (D:2)
  A bat (D:1)
  3 giant cockroaches (D:2)
  3 goblins (D:1)
  2 jackals (D:1)
  3 kobolds (D:1)
  2 frilled lizards
  3 rats
21 creatures vanquished.

Vanquished Creatures (collateral kills)
  An adder (D:2)
  4 leopard geckos
  A ball python (D:1)
  A giant cockroach (D:1)
  4 goblins
  A bat (D:1)
  A frilled lizard (D:1)
  4 kobolds
  3 rats
20 creatures vanquished.

Grand Total: 41 creatures vanquished

Notes
Turn   | Place    | Note
-------+----------+-------------------------------------------
     0 | D:1      | shukka the Mummy Wizard began the quest for the Orb.
     0 | D:1      | Reached XP level 1. HP: 13/13 MP: 5/5
    98 | D:1      | Reached skill level 1 in Conjurations
   273 | D:1      | Reached XP level 2. HP: 20/20 MP: 5/7
   277 | D:1      | Learned a level 2 spell: Call Imp
   280 | D:1      | Learned a level 2 spell: Blink
   480 | D:1      | Reached skill level 1 in Fighting
   848 | D:1      | Reached XP level 3. HP: 25/26 MP: 5/9
  1230 | D:2      | HP: 1/27 [bullfrog skeleton (4)]
  1231 | D:2      | Mangled by a bullfrog skeleton

Levels and vault maps discovered:
D:1:      dpeg_arrival_erosion, layout_loops_cross
D:2:      layout_rooms

Skill      XL: |  1  2 |
---------------+-------+-----
Conjurations   | 1 |  1.7
Fighting       | 1 |  1.8
Dodging        | |  1.5
Stealth        | |  1.5
Spellcasting   | |  4.7
Summonings     | |  0.7
Translocations | |  0.7

Action                   || total
-------------------------++-------
Melee: Short sword       ||    55
 Cast: Magic Dart        ||    27
       Call Imp          ||    24
Armor: Robe              ||     4
       Leather armour    ||     9
Dodge: Dodged            ||    49

Table legend:
 A = Non-vault XP
 B = Vault XP
 C = Vault XP percentage of total XP
 D = Non-vault monster count
 E = Vault monster count
 F = Vault count percentage of total count
                 A         B        C        D         E       F
            +---------+---------+-------+---------+---------+-------
      Total |      81 |       0 |   0.0 |      41 |       0 |   0.0
            +---------+---------+-------+---------+---------+-------
        D:1 |      42 |       0 |   0.0 |      26 |       0 |   0.0
        D:2 |      39 |       0 |   0.0 |      15 |       0 |   0.0
            +---------+---------+-------+---------+---------+-------
